 Dungeon Crawl Stone Soup version 0.25.0-1-g7eea58d (webtiles) character file.

Game seed: 12403171169095563087

212 Buxparty the Poker (level 5, 16/41 HPs)
             Began as a Demonspawn Gladiator on June 20, 2020.
             Quit the game on level 3 of the Dungeon.
             The game lasted 00:05:55 (2692 turns).

Buxparty the Poker (Demonspawn Gladiator)           Turns: 2692, Time: 00:05:55

Health: 16/41      AC:  6    Str: 15    XL:     5   Next: 58%
Magic:  5/5        EV: 12    Int: 16    God:
Gold:   65         SH:  5    Dex: 14    Spells: 4/4 levels left

rFire    . . .     SeeInvis .   a - +0 trident
rCold    + . .     Gourm    .   (no shield)
rNeg     . . .     Faith    .   b - +0 leather armour
rPois    .         Spirit   .   c - +0 helmet
rElec    .         Reflect  +   (no cloak)
rCorr    +         Harm     .   (no gloves)
MR       .....                  (no boots)
Stlth    +.........             n - amulet of reflection
HPRegen  0.13/turn              h - +6 ring of intelligence
MPRegen  0.09/turn              j - ring of resist corrosion

@: no status effects
A: hooves 1, thin metallic scales 1, cold resistance 1
a: no special abilities


You were on level 3 of the Dungeon.
You were hungry.

You visited 1 branch of the dungeon, and saw 3 of its levels.

You collected 65 gold pieces.

Inventory:

Hand Weapons
 a - a +0 trident (weapon)
Missiles
 d - 3 throwing nets (quivered)
 i - 35 sling bullets
 l - 56 stones
 q - 21 bolts
 r - 42 arrows
 v - 5 poisoned darts
Armour
 b - a +0 leather armour (worn)
 c - a +0 helmet (worn)
Jewellery
 h - a +6 ring of intelligence (left hand)
 j - a ring of resist corrosion (right hand)
 n - an amulet of reflection (around neck)
Scrolls
 g - a scroll of random uselessness {unknown}
 m - a scroll of immolation {unknown}
 o - 2 scrolls of identify {unknown}
 p - a scroll of enchant weapon {unknown}
 s - 4 scrolls of noise {unknown}
 u - 2 scrolls of fear {unknown}
 w - a scroll of magic mapping {unknown}
 x - a scroll of teleportation {unknown}
 y - a scroll of amnesia {unknown}
Potions
 e - 3 potions of curing {unknown}
 k - a potion of flight {unknown}
 t - 2 potions of cancellation {unknown}
Comestibles
 f - a ration


   Skills:
 + Level 3.6 Fighting
 * Level 5.0 Polearms
 - Level 1.7 Throwing
 - Level 2.7 Dodging


You had 4 spell levels left.
You didn't know any spells.
Your spell library was empty.

Dungeon Overview and Level Annotations

Branches:
Dungeon (3/15)

Altars:


Innate Abilities, Weirdness & Mutations

You have large cloven feet.
You are partially covered in thin metallic scales. (AC +2)
Your flesh is cold resistant. (rC+)


Message History

The ogre is severely wounded.
A goblin comes into view.
The ogre hits you with a +0 giant club!
The goblin shouts!
You are too injured to fight recklessly!
You barely miss the ogre.
The ogre is severely wounded.
You hear a shout!
An orc opens the door.
Found a scroll labeled SEUREM CENAIBY and a golden potion.
You puncture the ogre!
You kill the ogre!
Your Polearms skill increases to level 5!
You have reached level 5!
Your demonic ancestry asserts itself...
Your feet thicken and deform.
You are too injured to fight recklessly!
You are too injured to fight recklessly!
Unknown command.
Are you sure you want to abandon this character and quit the game? (Confirm with "yes".)

############################
...........................#
##########################.#
! ######## #.# .. #......#
#.# ...#......#######.######
.?.o......'.............
#......###.........##
#.g)@..# #....%....#
....###+### #.........# .
#####.....# ..........##
............ ########....
#.... #.... #....


You could see an orc and a goblin.

Vanquished Creatures
  An ogre (D:3)
  A crimson imp (D:3)
  4 adders
  3 worms
  2 dart slugs (D:2)
  2 leopard geckos
  4 orcs (D:3)
  2 bats
  4 giant cockroaches
  2 goblins
  6 hobgoblins
  6 frilled lizards
  10 kobolds
  5 rats
52 creatures vanquished.

Notes
Turn   | Place    | Note
-------+----------+-------------------------------------------
     0 | D:1      | Buxparty the Demonspawn Gladiator began the quest for the
                  | Orb.
     0 | D:1      | Reached XP level 1. HP: 16/16 MP: 1/1
   196 | D:1      | Reached skill level 3 in Polearms
   197 | D:1      | Gained mutation: Your flesh is cold resistant. (rC+)
                  | [demonic ancestry]
   197 | D:1      | Reached XP level 2. HP: 22/22 MP: 2/2
   729 | D:2      | Reached XP level 3. HP: 5/28 MP: 3/3
  2319 | D:3      | Reached skill level 4 in Polearms
  2319 | D:3      | Gained mutation: You are partially covered in thin metallic
                  | scales. (AC +2) [demonic ancestry]
  2319 | D:3      | Reached XP level 4. HP: 34/35 MP: 4/4
  2681 | D:3      | Noticed an ogre
  2691 | D:3      | Killed an ogre
  2691 | D:3      | Reached skill level 5 in Polearms
  2691 | D:3      | Gained mutation: You have large cloven feet. [demonic
                  | ancestry]
  2691 | D:3      | Reached XP level 5. HP: 16/41 MP: 5/5
  2692 | D:3      | Quit the game

Illustrated notes

Levels and vault maps discovered:
D:1:      saegor_arrival_simple_a, layout_rooms
D:2:      layout_basic
D:3:      layout_basic, first_ration

Skill      XL: |  1  2  3  4 |
---------------+-------------+-----
Polearms       | 3 4 5 |  5.0
Fighting       | 3 |  3.6
Throwing       | |  1.7
Dodging        | |  2.7

Action                   |  1- 3 |  4- 6 || total
-------------------------+-------+-------++-------
Melee: Trident           |   136 |    38 ||   174
 Stab: Sleeping          |     2 |       ||     2
  Eat: Chunk             |     4 |     1 ||     5
Armor: Leather armour    |    20 |     5 ||    25
Dodge: Dodged            |    60 |    15 ||    75
Block: Other             |    12 |     6 ||    18
       Reflection        |     2 |       ||     2
